 Dungeon Crawl Stone Soup version 0.30-a0-528-g8c47a4955b (webtiles) character file.

Game seed: 443641073098557368

713 Crownlay the Scholar of Death (level 7, -12/55 HPs)
             Began as a Demonspawn Necromancer on Dec 23, 2022.
             Was a Follower of Kikubaaqudgha.
             Mangled by Duvessa
             ... wielding a +0 short sword
              (14 damage)
             ... on level 5 of the Dungeon.
             The game lasted 00:19:12 (4729 turns).

Crownlay the Scholar of Death (DsNe)                Turns: 4729, Time: 00:19:13

Health: -12/55     AC:  4    Str:  8    XL:     7   Next: 41%
Magic:  21/22      EV: 12    Int: 18    God:    Kikubaaqudgha [*.....]
Gold:   184        SH:  0    Dex: 14    Spells: 7/15 levels left

rFire   . . .      SeeInvis .    f - +0 dagger (freeze)
rCold   . . .      Faith    .    (no shield)
rNeg    . . .      Spirit   .    a - +0 robe
rPois   .          Reflect  .    y - +0 helmet
rElec   .          Harm     .    w - scarf {shadows}
rCorr   .          Rampage  .    i - +0 pair of gloves
Will    +....                    (no boots)
Stlth   ++                       (no amulet)
HPRegen 0.29/turn                B - ring of magical power
MPRegen 0.18/turn                C - ring of willpower

@: lethally poisoned (-12 -> -20)
A: spiny 1, demonic magic 1, weakness stinger 2
a: Renounce Religion, Unearth Wretches


You were on level 5 of the Dungeon.
You worshipped Kikubaaqudgha.
Kikubaaqudgha was aware of your devotion.
You visited 2 branches of the dungeon, and saw 6 of its levels.

You collected 184 gold pieces.

Inventory:

Hand Weapons
 f - a +0 dagger of freezing (weapon)
 A - a +2 short sword of flaming
Armour
 a - a +0 robe (worn)
 i - a +0 pair of gloves (worn)
 t - a +0 kite shield
 w - a scarf of shadows (worn)
 y - a +0 helmet (worn)
Magical Staves
 m - a staff of cold
Jewellery
 n - a ring of ice
 B - a ring of magical power (left hand)
 C - a ring of willpower (right hand)
Scrolls
 d - 2 scrolls of blinking {unknown}
 h - a scroll of enchant armour {unknown}
 j - 3 scrolls of amnesia
 k - 2 scrolls of identify
 o - a scroll of magic mapping {unknown}
 q - a scroll of enchant weapon {unknown}
 s - a scroll of torment {unknown}
 v - a scroll of noise {unknown}
Potions
 b - 6 potions of magic
 c - 3 potions of curing
 e - a potion of resistance {unknown}
 g - 2 potions of invisibility
 l - a potion of haste {unknown}
 p - a potion of berserk rage {unknown}
 u - a potion of attraction {unknown}
 x - a potion of flight {unknown}
 z - 2 potions of degeneration {unknown}


   Skills:
 * Level 4.7 Fighting
 - Level 1.7 Dodging
 - Level 1.7 Stealth
 + Level 4.6 Spellcasting
 + Level 6.6 Necromancy


You had 7 spell levels left.
You knew the following spells:

 Your Spells              Type           Power      Damage    Failure   Level
a - Necrotise             Necr           100%       1d9       1%          1
b - Vampiric Draining     Necr           28%        2d8       2%          3
c - Animate Dead          Necr           28%        N/A       9%          4

Your spell library contained the following spells:

 Spells                   Type           Power      Damage    Failure   Level
 Kiss of Death            Conj/Necr      64%        2d10      3%          1
 Agony                    Necr           28%        N/A       26%         5


Dungeon Overview and Level Annotations

Branches:
Dungeon (5/15)             Temple (1/1) D:4

Altars:
Ashenzari
Cheibriados
Dithmenos
Fedhas
Gozag
Kikubaaqudgha
Okawaru
Qazlal
Trog
Uskayaw
Vehumet
Wu Jian

Shops:
D:2 (   D:4 =

Annotations:
D:4 1 transporter, 1 runed translucent door, Sapher's ghost, amateur DEEE
D:5 Duvessa


Innate Abilities, Weirdness & Mutations

You are partially covered in sharp spines.
Spells you cast may paralyse adjacent enemies.
You have a tail ending in a sharp stinger.


Message History

Aiming: Necrotise (safe; 1% risk of failure)
Press: ? - help, Shift-Dir - straight line, f/p - Duvessa
Aim: Duvessa, wielding a +0 short sword and wearing a +0 ring mail (moderately wounded, ally target, chance to affect: 70%)
Okay, then.
Casting: Necrotise (safe; 1% risk of failure)
Confirm with . or Enter, or press ? or * to list all spells.
Aiming: Necrotise (safe; 1% risk of failure)
Press: ? - help, Shift-Dir - straight line, f/p - Duvessa
Aim: Duvessa, wielding a +0 short sword and wearing a +0 ring mail (moderately wounded, ally target, chance to affect: 70%)
Okay, then.
The helpless Dowan fails to defend himself.
You hit Dowan. You freeze Dowan.
Dowan is moderately wounded.
The water moccasin is struck by your spines.
The water moccasin bites you.
You are poisoned.
The water moccasin poisons you! Duvessa hits you with a +0 short sword.
Your black bear zombie bites Duvessa but does no damage.
Your black bear zombie closely misses Duvessa.
Your black bear zombie claws Duvessa but does no damage.
The helpless Dowan fails to defend himself.
You puncture Dowan! You freeze Dowan. You tail-slap Dowan, but do no damage.
Dowan is severely wounded.
You feel very sick. The water moccasin bites you.
Duvessa is struck by your spines. Duvessa hits you with a +0 short sword!
The water moccasin is struck by your spines.
The water moccasin bites you!
Your black bear zombie bites Duvessa but does no damage.
Your black bear zombie claws Duvessa but does no damage. x2
The helpless Dowan fails to defend himself.
You hit Dowan. You freeze Dowan.
You kill Dowan!
Kikubaaqudgha accepts your kill.
Duvessa screams in rage.
Duvessa goes berserk!
You feel sick. Duvessa hits you with a +0 short sword!
* * * LOW HITPOINT WARNING * * *
The water moccasin misses you. Duvessa hits you with a +0 short sword!
You die...
Kikubaaqudgha rasps: "You have failed me!
Welcome... death!"

.#####.# #.#
.5.....#######.#
...#####.........#
.........#########
...####..# #..#
#..# #.Z# #e@#
########
#.)S.....S.?..#
#...##### #.#
#...# #.# #...#
#.# #...# #.#
#...# #.# #.# #.#


You could see Duvessa (berserk, ally target), a water moccasin and a friendly
black bear zombie.

Vanquished Creatures
  A black bear (D:5)
  An ogre (D:4)
  A centaur (D:5)
  2 scorpions
  Dowan (D:5)
  A howler monkey (D:5)
  2 orc priests (D:4)
  A hound (D:5)
  An iguana (D:4)
  An orc wizard (D:4)
  4 adders
  A white imp (D:5)
  A worm (D:3)
  3 dart slugs
  6 orcs
  2 bats
  7 endoplasms
  3 giant cockroaches
  7 goblins
  4 hobgoblins
  7 jackals
  3 quokkas
  9 ball pythons
  2 frilled lizards
  4 kobolds
  An orc zombie (D:4)
  4 rats
80 creatures vanquished.

Vanquished Creatures (collateral kills)
  A howler monkey (D:4)
1 creature vanquished.

Vanquished Creatures (others)
  A centaur zombie (D:5)
  A scorpion zombie (D:4)
  An orc zombie (D:4)
  An adder zombie (D:4)
  An endoplasm zombie (D:4)
  11 plants (D:5)
16 creatures vanquished.

Grand Total: 97 creatures vanquished

Notes
Turn   | Place    | Note
-------+----------+-------------------------------------------
     0 | D:1      | Crownlay the Demonspawn Necromancer began the quest for the
                  | Orb.
     0 | D:1      | Reached XP level 1. HP: 13/13 MP: 3/3
   220 | D:1      | Gained mutation: You are partially covered in sharp spines.
                  | [demonic ancestry]
   220 | D:1      | Reached XP level 2. HP: 8/20 MP: 0/5
   391 | D:1      | Reached skill level 1 in Fighting
   757 | D:2      | Gained mutation: Spells you cast may paralyse adjacent
                  | enemies. [demonic ancestry]
   757 | D:2      | Reached XP level 3. HP: 9/26 MP: 0/6
   899 | D:2      | Learned a level 3 spell: Vampiric Draining
  1076 | D:2      | Reached skill level 5 in Necromancy
  1149 | D:2      | Found Ogauprol's Weapon Shoppe.
  1545 | D:3      | Gained mutation: You have a small tail. [demonic ancestry]
  1545 | D:3      | Reached XP level 4. HP: 33/33 MP: 4/8
  2403 | D:4      | Found a staircase to the Ecumenical Temple.
  2413 | Temple   | Entered the Ecumenical Temple
  2518 | Temple   | Became a worshipper of Kikubaaqudgha
  2548 | D:4      | Found a transporter.
  2550 | D:4      | Noticed Sapher's ghost (amateur DEEE)
  2551 | D:4      | Noticed a phantom
  2573 | D:4      | Reached XP level 5. HP: 34/40 MP: 0/9
  2746 | D:4      | Learned a level 4 spell: Animate Dead
  2817 | D:4      | Found Caepne's One-of-a-Kind Rings.
  3309 | D:4      | Reached skill level 6 in Necromancy
  3309 | D:4      | Reached XP level 6. HP: 8/47 MP: 0/12
  3933 | D:4      | Found a runed translucent door.
  3985 | D:5      | Entered Level 5 of the Dungeon
  4178 | D:5      | Noticed a water moccasin
  4205 | D:5      | Gained mutation: You have a tail ending in a sharp stinger.
                  | [demonic ancestry]
  4205 | D:5      | Reached XP level 7. HP: 54/54 MP: 13/13
  4672 | D:5      | Reached * piety under Kikubaaqudgha
  4672 | D:5      | Received a gift from Kikubaaqudgha
  4722 | D:5      | Noticed Dowan
  4723 | D:5      | Noticed Duvessa
  4729 | D:5      | Killed Dowan
  4729 | D:5      | HP: 2/55 [Duvessa/+0 short sword (14)]
  4729 | D:5      | Mangled by Duvessa

Illustrated notes

Levels and vault maps discovered:
D:1:      minmay_arrival_stair_chambers, layout_basic
D:2:      layout_rooms, serial_shops, nicolae_shop_bloodbath_and_beyond
D:3:      layout_basic
D:4:      minmay_wonky_spiral, layout_gridville, zin_statuary, temple_statues,
          gammafunk_ghost_mausoleum, nicolae_shop_unique_rings,
          uniq_crazy_yiuf_cottage
D:5:      layout_basic, serial_bayou_lagoon_b, uniq_duvessa
Temple:   cyrus_circular_temple

Skill      XL: |  1  2  3  4  5  6 |
---------------+-------------------+-----
Fighting       | 1 2 3 4 |  4.7
Necromancy     | 5 6 |  6.6
Spellcasting   | 3 4 |  4.6
Dodging        | |  1.7
Stealth        | |  1.7

Action                   |  1- 3 |  4- 6 |  7- 9 || total
-------------------------+-------+-------+-------++-------
Melee: Dagger            |    20 |    44 |    11 ||    75
       Short sword       |     4 |       |       ||     4
       Punch             |       |     1 |       ||     1
       Tailslap          |       |     4 |     2 ||     6
 Cast: Necrotise         |    54 |    68 |     7 ||   129
       Animate Dead      |       |     4 |     1 ||     5
  Use: Scroll            |     1 |     2 |       ||     3
 Stab: Paralysed         |       |     5 |     4 ||     9
       Sleeping          |       |     1 |       ||     1
Armor: Robe              |     6 |     6 |     2 ||    14
Dodge: Dodged            |    16 |    29 |     7 ||    52

Table legend: (Time is in decaauts)
 A = Elapsed time spent in this place.
 B = Non-inter-level travel time spent in this place.
 C = Inter-level travel time spent in this place.
 D = Time resting spent in this place.
 E = Time spent auto-exploring this place.
 F = Levels seen in this place.
 G = Mean time per level.
                   A        B        C        D        E       F      G
               +--------+--------+--------+--------+--------+-----+--------+
         Total |   4730 |   4588 |    142 |    199 |   3173 |   6 |  788.3 |
       Dungeon |   4607 |   4468 |    139 |    199 |   3173 |   5 |  921.4 |
        Temple |    122 |    119 |      3 |      0 |      0 |   1 |  122.0 |
               +--------+--------+--------+--------+--------+-----+--------+

Top non-repeatable levels by time:
     D:4: 1454 daAuts
     D:3: 1095 daAuts
     D:5: 696 daAuts
     D:1: 691 daAuts
     D:2: 669 daAuts
  Temple: 122 daAuts
